 Dungeon Crawl Stone Soup version 0.18.1-48-g4cf74bf (webtiles) character file.

767 sarahorange the Stinger (level 7, -2/51 HPs)
             Began as a Grey Draconian Venom Mage on July 28, 2016.
             Was an Initiate of Vehumet.
             Shot with an arrow by a centaur (10 damage)
             ... on level 5 of the Dungeon on July 30, 2016.
             The game lasted 00:51:20 (5999 turns).

sarahorange the Stinger (Grey Draconian Venom Mage) Turns: 5999, Time: 00:51:21

Health: -2/51      AC: 15    Str: 10    XL:     7   Next: 52%
Magic:  10/13      EV: 13    Int: 17    God:    Vehumet [......]
Gold:   203        SH:  0    Dex: 16    Spells: 4 memorised, 7 levels left

rFire  . . .     SeeInvis .     H - +3 short sword (venom)
rCold  . . .     Gourm    .     (armour unavailable)
rNeg   . . .     Faith    .     (no shield)
rPois  .         Spirit   .     (helmet restricted)
rElec  .         Dismiss  .     j - +0 cloak
rCorr  .         Reflect  .     C - +2 pair of gloves
SustAt .         Harm     +     (no boots)
MR     .....                    v - amulet of harm
Stlth  +++.......               g - +4 ring of dexterity
                                f - ring of stealth

@: not resistant to hostile enchantments, fairly stealthy
A: walk through water, unfitting armour, unbreathing, cold-blooded, AC +11
a: Renounce Religion


You were on level 5 of the Dungeon.
You worshipped Vehumet.
Vehumet was noncommittal.
You were hungry.

You visited 2 branches of the dungeon, and saw 6 of its levels.

You collected 228 gold pieces.
You spent 25 gold pieces at shops.

Inventory:

Hand Weapons
 q - a +0 hunting sling
 H - a +3 short sword of venom (weapon)
Missiles
 e - 81 stones (quivered)
Armour
 j - a +0 cloak (worn)
 C - a +2 pair of gloves (worn)
Jewellery
 f - a ring of stealth (left hand)
 g - a +4 ring of dexterity (right hand)
 l - an uncursed ring of protection from magic
 v - an amulet of harm (around neck)
 E - an uncursed amulet of the gourmand {unknown}
Scrolls
 c - a scroll of enchant weapon
 o - a scroll of immolation
 p - 2 scrolls of identify
 s - 3 scrolls of fear {unknown}
 u - a scroll of remove curse {unknown}
 w - a scroll of fog {unknown}
 y - a scroll of recharging
 F - 2 scrolls of teleportation {unknown}
 G - a scroll of amnesia {unknown}
Potions
 h - a potion of invisibility {unknown}
 k - 2 potions of resistance {unknown}
 m - 2 potions of degeneration {unknown}
 r - 2 potions of might {unknown}
 t - a potion of brilliance {unknown}
 D - a potion of mutation
Books
 a - a Young Poisoner's Handbook

   Spells                             Type                      Level
   a - Sting                          Conjuration/Poison           1
   b - Cure Poison                    Poison                       2
   c - Mephitic Cloud                 Conjuration/Poison/Air       3
   d - Olgreb's Toxic Radiance        Poison                       4
   e - Venom Bolt                     Conjuration/Poison           5
 x - a book of Death

   Spells                             Type                      Level
   a - Corpse Rot                     Necromancy                   2
   b - Sublimation of Blood           Necromancy                   2
   c - Agony                          Necromancy                   5
   d - Dispel Undead                  Necromancy                   5
   e - Excruciating Wounds            Charms/Necromancy            5
   f - Bolt of Draining               Conjuration/Necromancy       5
 z - a book of Misfortune

   Spells                             Type                      Level
   a - Confusing Touch                Hexes                        2
   b - Confuse                        Hexes                        3
   c - Gell's Gravitas                Hexes/Translocation          3
   d - Petrify                        Transmutation/Earth          4
   e - Metabolic Englaciation         Hexes/Ice                    5
   f - Yara's Violent Unravelling     Hexes/Transmutation          5
Comestibles
 b - 3 bread rations


   Skills:
 + Level 0.4 Fighting
 + Level 0.6 Short Blades
 + Level 2.1(2.3) Slings
 + Level 1.0(1.7) Throwing
 + Level 2.7 Dodging
 + Level 2.1 Stealth
 * Level 4.5 Spellcasting
 * Level 3.0 Conjurations
 * Level 1.7 Air Magic
 + Level 5.4 Poison Magic


You had 7 spell levels left.
You knew the following spells:

 Your Spells              Type           Power        Failure   Level  Hunger
a - Sting                 Conj/Pois      ###.         2%          1    None
b - Cure Poison           Pois           ###.......   2%          2    ##.....
c - Mephitic Cloud        Conj/Pois/Air  ###.....     12%         3    ###....
d - Sublimation of Blood  Necr           #.........   24%         2    ##.....


Dungeon Overview and Level Annotations

Branches:
Dungeon (5/15)             Temple (1/1) D:5

Altars:
Ashenzari
Dithmenos
Elyvilon
Gozag
Kikubaaqudgha
Makhleb
Nemelex Xobeh
Qazlal
Sif Muna
Trog
Vehumet
Xom
Yredelemnul
Zin

Shops:
D:4 *


Innate Abilities, Weirdness & Mutations

You can walk through water.
Your dull iron-grey scales are very hard (AC +11).
Your body does not fit into most forms of armour.
You can survive without breathing.
You are cold-blooded and may be slowed by cold attacks.


Message History

The creatures around you are filled with an inner flame!
It was a scroll of immolation.
The centaur shoots an arrow.
The arrow hits you but does no damage.
The centaur shoots an arrow.
The arrow hits you but does no damage.
The centaur shoots an arrow.
The arrow hits you but does no damage.
You see here 2 arrows.
Casting: Sting
Confirm with . or Enter, or press ? or * to list all spells.
You can't see any susceptible monsters within range! (Use Z to cast anyway.)
Casting: Sting
Confirm with . or Enter, or press ? or * to list all spells.
Aiming: Mephitic Cloud
Press: ? - help, Shift-Dir - straight line, p - centaur The ball explodes into a vile cloud!
The centaur shoots an arrow.
The arrow hits you!
* * * LOW HITPOINT WARNING * * *
The centaur shoots an arrow.
The arrow barely misses you.
You see here 3 arrows.
The centaur shoots an arrow.
The arrow hits you!
You die...

**,*,*,** #(# **<,,**
#(####### **,** #.c.....#
*,* #######c# *,* #.#
********,* #.# ,,,,,,,,,***
#.#
,,,,,***,..##############(#
,,,,,,,,,.......@(((.§§c(.#
,,,,,***,..################
,,,,,* ***** ,,,*** ****


You could see a centaur (inner flame).

Vanquished Creatures
  Sigmund (D:4)
  An ice beast (D:5)
  An ogre (D:4)
  A phantom (D:5)
  A centaur (D:4)
  2 hounds (D:4)
  An orc priest (D:3)
  A centaur skeleton (D:4)
  A giant frog skeleton (D:5)
  2 worker ants (D:4)
  8 adders
  An ooze (D:3)
  2 worms
  A dart slug (D:4)
  A giant gecko (D:2)
  11 orcs
  6 bats
  3 giant cockroaches
  2 goblins
  14 hobgoblins
  A jackal (D:4)
  6 kobolds
  4 giant newts
  8 rats
80 creatures vanquished.

Notes
Turn   | Place    | Note
--------------------------------------------------------------
     0 | D:1      | sarahorange the Draconian Venom Mage began the quest for the Orb.
     0 | D:1      | Reached XP level 1. HP: 14/14 MP: 3/3
   882 | D:1      | Reached XP level 2. HP: 20/20 MP: 3/5
   886 | D:1      | Learned a level 2 spell: Cure Poison
  1713 | D:2      | Reached XP level 3. HP: 26/26 MP: 0/6
  1819 | D:2      | Learned a level 3 spell: Mephitic Cloud
  2829 | D:3      | Reached XP level 4. HP: 33/33 MP: 5/7
  3312 | D:3      | Found a deep blue altar of Sif Muna.
  3534 | D:3      | Found a shattered altar of Ashenzari.
  3539 | D:3      | Found a shimmering altar of Xom.
  3543 | D:3      | Found a bloodstained altar of Trog.
  3545 | D:3      | Found a shadowy altar of Dithmenos.
  3655 | D:3      | Reached skill level 1 in Conjurations
  3668 | D:3      | Learned a level 2 spell: Sublimation of Blood
  3769 | D:4      | Reached XP level 5. HP: 35/39 MP: 3/9
  4201 | D:4      | Found Mofoteig's Merry Market.
  4234 | D:4      | Reached skill level 1 in Slings
  4254 | D:4      | Bought a potion of mutation for 25 gold pieces
  4490 | D:4      | Noticed an ogre
  4543 | D:4      | Killed an ogre
  4543 | D:4      | Reached skill level 5 in Poison Magic
  4605 | D:4      | Reached XP level 6. HP: 46/46 MP: 1/11
  4714 | D:4      | Noticed Sigmund
  4873 | D:4      | Killed Sigmund
  5146 | D:4      | Reached skill level 1 in Air Magic
  5204 | D:4      | Your scales start taking on a dull iron-grey colour.
  5204 | D:4      | Reached XP level 7. HP: 50/51 MP: 8/13
  5204 | D:4      | Gained mutation: You can survive without breathing. [Grey Draconian growth]
  5250 | D:4      | Reached skill level 1 in Air Magic
  5382 | D:5      | Entered Level 5 of the Dungeon
  5780 | D:5      | Found a basalt altar of Yredelemnul.
  5811 | D:5      | Reached skill level 1 in Throwing
  5865 | D:5      | Found a staircase to the Ecumenical Temple.
  5874 | Temple   | Entered the Ecumenical Temple
  5941 | Temple   | Became a worshipper of Vehumet
  5999 | D:5      | Shot with an arrow by a centaur

Skill      XL: |  1  2  3  4  5  6  7 |
---------------+----------------------+-----
Dodging        | 2 |  2.7
Stealth        | 2 |  2.1
Spellcasting   | 3 4 |  4.5
Conjurations   | 1 2 3 |  3.0
Slings         | 1 2 |  2.1
Poison Magic   | 5 |  5.4
Air Magic      | 0 1 |  1.7
Throwing       | 1 |  1.0
Fighting       | |  0.4
Short Blades   | |  0.6

Action                   |  1- 3 |  4- 6 |  7- 9 || total
-------------------------+-------+-------+-------++-------
Melee: Dagger            |    56 |       |       ||    56
       Unarmed           |     4 |       |       ||     4
       Tailslap          |     5 |       |     4 ||     9
       Short sword       |       |       |    41 ||    41
 Fire: Hunting sling     |    20 |    63 |       ||    83
Throw: Stone             |    36 |       |    33 ||    69
 Cast: Sting             |    93 |    78 |    10 ||   181
       Cure Poison       |     2 |     1 |     1 ||     4
       Mephitic Cloud    |     1 |     9 |     5 ||    15
       Sublimation of Bl |       |     1 |       ||     1
  Use: Scroll            |     1 |     1 |     3 ||     5
       Potion            |     1 |       |     1 ||     2
  Eat: Chunk             |     7 |     8 |     1 ||    16
       Fruit             |     1 |     1 |     1 ||     3
Armor: Skin              |    36 |    14 |    29 ||    79
Dodge: Dodged            |    71 |    29 |    50 ||   150
